 Dungeon Crawl Stone Soup version 0.29.1-4-g47bece8355 (webtiles) character file.

Game seed: 9611951332800527022

19194 ChadusMaximus the Summoner (level 13, -3/105 HPs)
             Began as a Human Summoner on Dec 7, 2022.
             Was an Elder of Sif Muna.
             Killed from afar by an ogre mage (15 damage)
             ... with a bolt of magma
             ... in a volcano.
             The game lasted 00:37:45 (20185 turns).

ChadusMaximus the Summoner (Human Summoner)        Turns: 20185, Time: 00:37:45

Health: -3/105     AC:  6    Str:  8    XL:     13   Next: 2%
Magic:  0/22       EV: 15    Int: 26    God:    Sif Muna [****..]
Gold:   905        SH:  0    Dex: 12    Spells: 9/25 levels left

rFire   + . .      SeeInvis .   N - +2 long sword of Skirmishing {vorpal, rN+ Int+6 Dex-3 Stlth-}
rCold   . . .      Faith    .   (no shield)
rNeg    + . .      Spirit   +   D - +1 leather armour {rF+}
rPois   .          Reflect  .   (helmet restricted)
rElec   .          Harm     .   (no cloak)
rCorr   .          Rampage  .   T - +0 pair of gloves
Will    +....                   S - +0 pair of boots
Stlth   +.........              c - amulet of guardian spirit
HPRegen 0.27/turn               v - ring of wizardry
MPRegen 0.18/turn               (no ring)

@: no status effects
A: antennae 1, strong-willed 1
a: Renounce Religion, Channel Magic, Forget Spell, Divine Exegesis


You were in a volcano.
You worshipped Sif Muna.
Sif Muna was greatly pleased with you.
You visited 3 branches of the dungeon, and saw 14 of its levels.
You also visited: Volcano.

You collected 905 gold pieces.

Inventory:

Hand Weapons
 d - a +0 dagger
 r - a +0 spear
 u - the +1 spear of Kismet {vamp, Drain rC+++ rCorr Str-4}
   (You found it on level 1 of the Lair of Beasts)

   It occasionally heals its wielder for a portion of the damage dealt when it
   wounds a living foe.
   Str:       It affects your strength (-4).
   rC:        It renders you almost immune to cold.
   rCorr:     It protects you from acid and corrosion.
   Drain:     It drains your maximum health when unequipped.
 B - a +2 flail of holy wrath
 F - a +3 falchion
 G - a +1 halberd of freezing
 N - the +2 long sword of Skirmishing (weapon) {vorpal, rN+ Int+6 Dex-3 Stlth-}
   (You found it on level 8 of the Dungeon)

   It inflicts extra damage upon your enemies.
   Int:       It affects your intelligence (+6).
   Dex:       It affects your dexterity (-3).
   rN:        It protects you from negative energy.
   Stlth:     It makes you less stealthy.
Armour
 a - a +0 helmet of see invisible
 D - a +1 leather armour of fire resistance (worn)
 O - +0 steam dragon scales
 R - a +1 ring mail of poison resistance
 S - a +0 pair of boots (worn)
 T - a +0 pair of gloves (worn)
Jewellery
 c - an amulet of guardian spirit (around neck)
 v - a ring of wizardry (left hand)
 Q - a ring of wizardry
Wands
 b - a wand of digging (6)
 n - a wand of charming (7)
 w - a wand of polymorph (19)
 y - a wand of iceblast (13)
 E - a wand of mindburst (4)
 M - a wand of flame (5)
Scrolls
 f - 4 scrolls of enchant weapon
 g - 3 scrolls of poison
 i - 2 scrolls of magic mapping {unknown}
 o - 3 scrolls of fear {unknown}
 p - 2 scrolls of fog
 q - 4 scrolls of teleportation
 t - a scroll of blinking {unknown}
 x - 3 scrolls of immolation
 z - a scroll of acquirement {unknown}
 C - a scroll of brand weapon {unknown}
 I - 3 scrolls of silence
 P - a scroll of enchant armour {unknown}
 U - a scroll of noise {unknown}
Potions
 e - 5 potions of lignification
 h - 4 potions of haste
 j - a potion of mutation
 k - 4 potions of resistance {unknown}
 l - 6 potions of brilliance
 m - 3 potions of curing
 s - 2 potions of ambrosia {unknown}
 A - 3 potions of attraction {unknown}
 H - 3 potions of degeneration {unknown}
 J - a potion of flight {unknown}
 K - 3 potions of heal wounds
 L - a potion of cancellation {unknown}


   Skills:
 * Level 10.8 Fighting
 * Level 11.0 Dodging
 - Level 2.0 Stealth
 - Level 6.5 Spellcasting
 + Level 12.9 Summonings


You had 9 spell levels left.
You knew the following spells:

 Your Spells              Type           Power      Damage    Failure   Level
a - Summon Small Mammal   Summ           100%       N/A       1%          1
b - Call Canine Familiar  Summ           66%        N/A       1%          3
c - Call Imp              Summ           66%        N/A       1%          2
d - Summon Lightning Spi  Summ/Air       42%        N/A       2%          4
e - Summon Guardian Gole  Hex/Summ       42%        N/A       1%          3
f - Blink                 Tloc           16%        N/A       6%          2
g - Foxfire               Conj/Fire      32%        2x1d5     4%          1

Your spell library contained the following spells:

 Spells                   Type           Power      Damage    Failure   Level
 Summon Ice Beast         Ice/Summ       42%        N/A       2%          4
 Ensorcelled Hibernation  Hex/Ice        16%        N/A       6%          2
 Passwall                 Tmut/Erth      6%         N/A       6%          2
 Summon Mana Viper        Hex/Summ       42%        N/A       8%          5
 Conjure Flame            Conj/Fire      8%         6-21      12%         3
 Dazzling Flash           Conj/Hex       16%        N/A       12%         3
 Inner Flame              Hex/Fire       8%         N/A       12%         3
 Swiftness                Air            8%         N/A       12%         3
 Monstrous Menagerie      Summ           33%        N/A       16%         7
 Anguish                  Hex/Necr       4%         N/A       34%         4
 Flame Wave               Conj/Fire      8%         2d5       34%         4
 Iskenderun's Mystic Bla  Conj/Tloc      8%         2d4       34%         4
 Petrify                  Tmut/Erth      8%         N/A       34%         4
 Manifold Assault         Tloc           8%         N/A       69%         5
 Metabolic Englaciation   Hex/Ice        4%         N/A       69%         5
 Starburst                Conj/Fire      4%         6d3       99%         6
 Statue Form              Tmut/Erth      5%         N/A       99%         6
 Enfeeble                 Hex            4%         N/A       100%        7
 Storm Form               Tmut/Air       4%         N/A       100%        7


Dungeon Overview and Level Annotations

Branches:
Dungeon (11/15)            Temple (1/1) D:6            Lair (2/5) D:11
    Orc (0/2) D:9         Volcano (1/1)
  Swamp: Lair:2-3    Shoals: Lair:2-3     Snake: Lair:2-3    Spider: Lair:2-3

Altars:
Ashenzari
Cheibriados
Dithmenos
Elyvilon
Fedhas
Gozag
Hepliaklqana
Kikubaaqudgha
Makhleb
Nemelex Xobeh
Okawaru
Qazlal
Ru
Sif Muna
Trog
Uskayaw
Vehumet
Wu Jian
Xom
Yredelemnul
Zin
The Shining One


Innate Abilities, Weirdness & Mutations

You have a pair of small antennae on your head.
You are strong-willed. (Will+)


Message History

You have reached level 13!
In the distance, the volcano erupts with a roar.
Your lightning spire is engulfed in blazing flames.
Your lightning spire is engulfed in blazing flames.
Things that are here:
a +0 giant club of flaming; a +0 giant club of flaming; a two-headed ogre corpse
Okay, then.
There is an open door, spattered with blood here.
You start resting.
Your warg disappears in a puff of smoke!
Magic restored.
There is a rocky tunnel leading out of this place here.
You open the door.
An ogre mage and 2 two-headed ogres come into view.
A two-headed ogre is wielding two +0 giant clubs of flaming.
The ogre mage is wielding a +2 whip of flaming and wearing a +0 robe of fire resistance.
A two-headed ogre is wielding two +0 giant clubs of flaming.
The two-headed ogre shouts in stereo!
The ogre mage shouts!
The two-headed ogre shouts in stereo!
Found a radiant altar of Vehumet.
Casting: Summon Lightning Spire (mildly dangerous; 2% risk of failure)
Confirm with . or Enter, or press ? or * to list all spells.
There is a rocky tunnel leading out of this place here.
Casting: Call Canine Familiar (safe; 1% risk of failure)
Confirm with . or Enter, or press ? or * to list all spells.
An electric hum fills the air.
Your warg bites the two-headed ogre but does no damage.
The two-headed ogre hits you with a +0 giant club of flaming!!!
The two-headed ogre burns you! The two-headed ogre barely misses you.
Your warg bites the two-headed ogre!
The two-headed ogre attacks as you move away!
The two-headed ogre hits you with a +0 giant club of flaming!!
The two-headed ogre burns you.
The two-headed ogre hits you with a +0 giant club of flaming!!
* * * LOW HITPOINT WARNING * * *
Your warg bites the two-headed ogre.
The two-headed ogre barely misses your warg.
The two-headed ogre hits your warg with a +0 giant club of flaming!
The two-headed ogre burns your warg!
Your warg bites the two-headed ogre.
The ogre mage casts a spell at you. The bolt of magma hits you!
You partially resist.
You die...

### ####.###### # #####
#.##.....§# ###. #...##
####....≈≈§§≈.
#.8..#O...###8.....≈≈§§§§≈
#._..'OO.@'..)....§≈≈≈§§§≈
#.8..#.h..###8....§§§§≈≈§≈
###. #.8.## ###..≈≈§§≈°≈≈≈
# ##### ##..≈§≈§°°≈§≈
##°.°≈§§≈≈○§≈≈
###°..≈≈§§≈§§≈§§
#....≈≈≈°§°§≈≈≈≈
#...§≈≈≈§§≈°§≈§≈
#....≈≈≈≈≈≈≈≈≈§≈


You could see 2 two-headed ogres, an ogre mage, a friendly warg (summoned) and a
friendly lightning spire (summoned).

Vanquished Creatures
  A rime drake (Lair:2)
  3 steam dragons
  3 yaks
  A fire bat (Volcano)
  A wyvern (D:9)
  Edmund (D:4)
  2 wolves (Lair:1)
  A bullfrog (D:7)
  5 wights
  2 hounds
  3 orc wizards
  A gnoll (D:7)
  3 adders
  An orc (D:4)
  4 ball pythons
  A bat (D:3)
  4 endoplasms
  2 giant cockroaches (D:1)
  3 goblins
  A hobgoblin (D:2)
  2 kobolds
  A quokka (D:3)
  3 frilled lizards
  2 rats
51 creatures vanquished.

Vanquished Creatures (collateral kills)
  A hydra (D:9)
  2 two-headed ogres
  2 catoblepae (Lair:1)
  Urug (D:11)
  Amaemon (D:9)
  2 ugly things
  An orange demon (D:9)
  A rime drake (Lair:1)
  A kobold demonologist (D:9)
  3 komodo dragons (Lair:1)
  2 trolls (D:10)
  A hornet (D:10)
  Grinder (D:4)
  A polar bear (Lair:2)
  The ghost of kalagan the Conjurer, an amateur DECj (D:4)
  5 fire bats (Volcano)
  3 wraiths
  2 wyverns
  10 yaks
  2 basilisks
  A steam dragon (D:8)
  A vampire mosquito (D:11)
  6 water moccasins
  An acid dragon (D:11)
  Duvessa (D:4)
  An ice beast (D:6)
  2 orc warriors (D:9)
  2 sky beasts (D:6)
  2 black bears (D:6)
  3 wolves (Lair:1)
  An ogre (D:5)
  A phantom (D:4)
  3 centaurs
  2 kobold brigands
  2 scorpions
  7 bullfrogs
  2 gnoll sergeants
  10 wights
  Dowan (D:4)
  3 howler monkeys (D:9)
  7 lava snakes (Volcano)
  3 jellies
  7 orc priests
  A gnoll bouda (D:6)
  4 iguanas
  7 orc wizards
  12 gnolls
  2 adders
  4 shadow imps (D:5)
  A white imp (D:5)
  A dart slug (D:1)
  34 orcs
  2 endoplasms (D:1)
  7 goblins
  3 hobgoblins
  2 quokkas
  A ball python (D:1)
  2 bats (D:1)
  15 kobolds
  A rat (D:1)
211 creatures vanquished.

Vanquished Creatures (others)
  A hydra (D:11)
  Psyche (D:11)
  2 yaks (D:11)
  A wyvern (D:11)
  A vampire mosquito (D:11)
  A water moccasin (D:11)
  6 fungi
  15 plants (D:11)
  2 withered plants (D:4)
30 creatures vanquished.

Grand Total: 292 creatures vanquished

Notes
Turn   | Place    | Note
-------+----------+-------------------------------------------
     0 | D:1      | ChadusMaximus the Human Summoner began the quest for the
                  | Orb.
     0 | D:1      | Reached XP level 1. HP: 13/13 MP: 3/3
   229 | D:1      | Reached XP level 2. HP: 19/19 MP: 5/5
   847 | D:1      | Reached XP level 3. HP: 24/24 MP: 4/6
  1216 | D:1      | Found a faded altar of an unknown god.
  1525 | D:1      | Learned a level 3 spell: Call Canine Familiar
  1528 | D:1      | Learned a level 2 spell: Call Imp
  2643 | D:3      | Reached XP level 4. HP: 13/30 MP: 1/7
  3108 | D:3      | Reached skill level 5 in Summonings
  3687 | D:4      | Noticed Grinder
  3818 | D:4      | Reached XP level 5. HP: 27/35 MP: 4/9
  3892 | D:4      | Paralysed by Grinder for 3 turns
  3921 | D:4      | Killed Grinder
  3922 | D:4      | Reached skill level 6 in Summonings
  3922 | D:4      | Reached XP level 6. HP: 40/41 MP: 6/11
  4187 | D:4      | Noticed Edmund
  4317 | D:4      | Noticed Duvessa
  4317 | D:4      | Noticed Dowan
  4582 | D:3      | Gained mutation: You are weak. (Str -2) [potion of
                  | mutation]
  4582 | D:3      | Gained mutation: You have a pair of small horns on your
                  | head. [potion of mutation]
  4615 | D:5      | Entered Level 5 of the Dungeon
  4617 | D:5      | Noticed an ogre
  4630 | D:5      | Killed an ogre
  4631 | D:5      | Reached skill level 7 in Summonings
  4631 | D:5      | Reached XP level 7. HP: 46/46 MP: 6/13
  4882 | D:5      | Found a transporter.
  4906 | D:5      | Found a transporter.
  5618 | D:5      | Found a shadowy altar of Dithmenos.
  5819 | D:5      | Learned a level 4 spell: Summon Lightning Spire
  6044 | D:6      | Found a staircase to the Ecumenical Temple.
  6064 | D:6      | Reached XP level 8. HP: 50/52 MP: 2/15
  6066 | Temple   | Entered the Ecumenical Temple
  6347 | Temple   | Became a worshipper of Sif Muna the Loreminder
  6407 | D:6      | Reached skill level 8 in Summonings
  6847 | D:5      | Reached skill level 5 in Spellcasting
  7125 | D:4      | Killed Edmund
  7369 | D:4      | Found a runed translucent door.
  7370 | D:4      | Noticed kalagan's ghost (amateur DECj)
  7382 | D:4      | Found a faded altar of an unknown god.
  7382 | D:4      | Found a faded altar of an unknown god.
  7389 | D:4      | Found an iron altar of Okawaru.
  7391 | D:4      | Found a broken altar of Ashenzari.
  7393 | D:4      | Found a blossoming altar of Fedhas.
  7401 | D:4      | Reached skill level 9 in Summonings
  7850 | D:4      | Killed Dowan
  7851 | D:4      | Killed Duvessa
  8026 | D:4      | Killed kalagan's ghost
  8027 | D:4      | Reached XP level 9. HP: 51/57 MP: 8/17
  8315 | D:6      | Reached skill level 10 in Summonings
  8501 | D:6      | Reached * piety under Sif Muna
  8930 | D:6      | Reached skill level 1 in Fighting
 10669 | D:7      | Reached XP level 10. HP: 57/69 MP: 10/19
 11155 | D:8      | Reached skill level 11 in Summonings
 11487 | D:8      | Identified the +2 long sword of Skirmishing {vorpal, rN+
                  | Int+6 Dex-3 Stlth-}
 11534 | D:8      | Reached skill level 5 in Dodging
 11742 | D:8      | Reached skill level 5 in Fighting
 12309 | D:9      | Noticed Amaemon
 12309 | D:9      | Noticed an orange demon
 12936 | D:9      | Reached ** piety under Sif Muna
 13312 | D:8      | Learned a level 3 spell: Summon Guardian Golem
 13315 | D:8      | Learned a level 2 spell: Blink
 13317 | D:8      | Learned a level 1 spell: Foxfire
 13607 | D:9      | Noticed a two-headed ogre
 13612 | D:9      | Killed a two-headed ogre
 13613 | D:9      | Reached XP level 11. HP: 83/83 MP: 10/20
 13875 | D:9      | Noticed a six-headed hydra
 13890 | D:9      | Killed a six-headed hydra
 14001 | D:9      | Killed Amaemon
 14459 | D:9      | Found a staircase to the Orcish Mines.
 14802 | D:10     | Entered Level 10 of the Dungeon
 15196 | D:10     | Reached skill level 12 in Summonings
 15204 | D:10     | Lost mutation: You are weak. (Str -2) [potion of mutation]
 15204 | D:10     | Lost mutation: You have a pair of small horns on your head.
                  | [potion of mutation]
 15204 | D:10     | Gained mutation: You are strong-willed. (Will+) [potion of
                  | mutation]
 15204 | D:10     | Gained mutation: You have a pair of small antennae on your
                  | head. [potion of mutation]
 15409 | D:10     | Noticed a purple ugly thing
 15418 | D:10     | Killed a purple ugly thing
 15673 | D:10     | Found a basalt altar of Yredelemnul.
 15732 | D:10     | Found a white marble altar of Elyvilon.
 15916 | D:11     | Reached *** piety under Sif Muna
 15974 | D:11     | Found a staircase to the Lair.
 15992 | D:11     | Noticed a five-headed hydra
 15999 | D:11     | Killed a five-headed hydra
 16000 | D:11     | Reached XP level 12. HP: 94/94 MP: 3/21
 16579 | D:11     | Noticed Urug
 16589 | D:11     | Killed Urug
 16810 | D:11     | Killed Psyche
 16959 | D:11     | Found a blossoming altar of Fedhas.
 17260 | Lair:1   | Entered Level 1 of the Lair of Beasts
 17276 | Lair:1   | Reached skill level 10 in Dodging
 17349 | Lair:1   | Identified the +1 spear of Kismet {vamp, Drain rC+++ rCorr
                  | Str-4}
 17561 | Lair:1   | Noticed a catoblepas
 17561 | Lair:1   | Noticed a catoblepas
 17884 | Lair:1   | Killed a catoblepas
 17885 | Lair:1   | Reached skill level 10 in Fighting
 18246 | Lair:1   | Killed a catoblepas
 19439 | Lair:2   | Reached **** piety under Sif Muna
 19468 | Lair:2   | Found a dark tunnel.
 19483 | Volcano  | Entered a volcano
 20108 | Volcano  | Noticed a two-headed ogre
 20118 | Volcano  | Killed a two-headed ogre
 20119 | Volcano  | Reached XP level 13. HP: 105/105 MP: 11/22
 20180 | Volcano  | Found a radiant altar of Vehumet.
 20180 | Volcano  | Noticed an ogre mage
 20185 | Volcano  | Killed from afar by an ogre mage

Illustrated notes

Levels and vault maps discovered:
D:1:      dpeg_arrival_tiny_f, layout_basic, dilly_ecumenical_altar_fadedgnrine
D:2:      layout_loops_cross
D:3:      layout_loops_ring, chequers_jeans
D:4:      layout_rooms, chequers_temple_overflow_minitemple,
          gammafunk_ghost_grave, uniq_duvessa, uniq_grinder, uniq_edmund
D:5:      gammafunk_wand_slinger, layout_loops_ring, overflow_temple_1_default
D:6:      layout_gridville, minmay_temple_entry_large_hall,
          hangedman_abyss_or_decor_lesser_grid
D:7:      layout_layer_cave, kennysheep_flooded_box, dk_vineyard_2
D:8:      layout_basic, minmay_misc_feat_chi
D:9:      kennysheep_blocky_hall, layout_long_grid, hiddenorc1_lemuel,
          minmay_fractal_squares_gapless_5, uniq_amaemon
D:10:     layout_rooms, kennysheep_ying_yang, minivault_27
D:11:     layout_cave_pools, minmay_lair_entry_grove, minmay_misc_feat_roman,
          fedhas_bush_and_centaur_altar, uniq_psyche, uniq_urug
Temple:   regret_index_temple_sphere_string
Lair:1:   layout_cave_pods
Lair:2:   layout_regular_city, enter_volcano_4, lemuel_fruit_tree
Volcano:  volcano_grotto [vgs_original]

Skill      XL: |  1  2  3  4  5  6  7  8  9 10 11 12 |
---------------+-------------------------------------+-----
Summonings     | 5 6 7 9 10 11 12 | 12.9
Spellcasting   | 3 4 5 6 |  6.5
Fighting       | 3 6 8 10 | 10.8
Dodging        | 3 6 9 11 | 11.0
Stealth        | |  2.0

Action                   |  1- 3 |  4- 6 |  7- 9 | 10-12 | 13-15 || total
-------------------------+-------+-------+-------+-------+-------++-------
Melee: Dagger            |    69 |       |       |       |       ||    69
       Spear             |     5 |    76 |    49 |       |       ||   130
       Punch             |       |     2 |     1 |     2 |       ||     5
       Headbutt          |       |       |    15 |    12 |       ||    27
       Flail             |       |       |    47 |     6 |       ||    53
       Long sword        |       |       |       |   118 |       ||   118
 Cast: Summon Small Mamm |    37 |    15 |    22 |    18 |       ||    92
       Call Canine Famil |     4 |    13 |    37 |    57 |     1 ||   112
       Call Imp          |     2 |     8 |    14 |    15 |       ||    39
       Summon Lightning  |       |       |    29 |    79 |     1 ||   109
       Summon Guardian G |       |       |       |    12 |       ||    12
  Use: Scroll            |       |     5 |       |     6 |       ||    11
       Potion            |       |     1 |       |     2 |       ||     3
 Stab: Sleeping          |     2 |     2 |       |       |       ||     4
       Distracted        |       |       |     2 |     1 |       ||     3
Armor: Robe              |    20 |    12 |     5 |       |       ||    37
       Leather armour    |       |       |    14 |    10 |       ||    24
       Steam dragon scal |       |       |       |    44 |       ||    44
Dodge: Dodged            |    64 |    48 |    57 |   178 |     1 ||   348
